 Dungeon Crawl Stone Soup version 0.28-a0-662-g1651b1f1e0 (webtiles) character file.

Game seed: 16617158876108450560

1040 baktar the Sneak (level 8, -5/51 HPs)
             Began as an Octopode Brigand on Oct 14, 2021.
             Slain by a yak (7 damage)
             ... on level 4 of the Dungeon.
             The game lasted 00:28:00 (5166 turns).

baktar the Sneak (Octopode Brigand)                 Turns: 5166, Time: 00:28:01

Health: -5/51      AC:  1    Str: 11    XL:     8   Next: 24%
Magic:  4/13       EV: 18    Int: 19    God:
Gold:   126        SH:  0    Dex: 15    Spells: 6/14 levels left

rFire   . . .      SeeInvis .   a - +3 dagger
rCold   . . .      Faith    .   (no shield)
rNeg    . . .      Spirit   .   (helmet restricted)
rPois   .          Reflect  .   (no amulet)
rElec   .          Harm     .   e - +6 ring of intelligence
rCorr   .          Rampage  .   i - +4 ring of evasion
Will    .....                   (no ring)
Stlth   +++++.....              (no ring)
HPRegen 0.17/turn               (no ring)
MPRegen 0.13/turn               (no ring)
                                (no ring)
                                (no ring)

@: no status effects
A: almost no armour, amphibious, 8 rings, camouflage 1, gelatinous body 1,
(nimble swimmer 1), tentacles
a: no special abilities


You were on level 4 of the Dungeon.
You visited 1 branch of the dungeon, and saw 5 of its levels.

You collected 126 gold pieces.

Inventory:

Hand Weapons
 a - a +3 dagger (weapon)
Missiles
 b - 42 poisoned darts (quivered)
 c - 2 curare-tipped darts
Jewellery
 e - a +6 ring of intelligence (left tentacle)
 i - a +4 ring of evasion (right tentacle)
Scrolls
 f - 3 scrolls of identify
 g - a scroll of summoning
Potions
 d - a potion of ambrosia
 h - 2 potions of curing


   Skills:
 + Level 2.3 Fighting
 + Level 2.9 Short Blades
 * Level 2.9(3.8) Slings
 + Level 3.7(4.2) Throwing
 * Level 2.9 Dodging
 * Level 7.8 Stealth
 * Level 3.0 Unarmed Combat
 * Level 3.5 Spellcasting
 + Level 2.2 Hexes


You had 6 spell levels left.
You knew the following spells:

 Your Spells              Type           Power      Damage    Failure   Level
a - Slow                  Hex            11%        N/A       9%          2
b - Confusing Touch       Hex            11%        N/A       17%         3
c - Dazzling Flash        Conj/Hex       14%        N/A       26%         3

Your spell library contained the following spells:

 Spells                   Type           Power      Damage    Failure   Level
 Iskenderun's Mystic Bla  Conj/Tloc      3%         2d3       82%         4
 Yara's Violent Unravell  Hex/Tmut       3%         3d4       94%         5
 Starburst                Conj/Fire      1%         6d3       100%        6


Dungeon Overview and Level Annotations

Branches:
Dungeon (5/15)
 Temple: D:4-7

Altars:


Innate Abilities, Weirdness & Mutations

You cannot wear most types of armour.
You are amphibious.
You can wear up to eight rings at the same time.
Your skin changes colour to match your surroundings (Stealth+).
Your rubbery body absorbs attacks. (AC +1, EV +1)
((You are camouflaged near water. (Stealth+)))
You have tentacles for arms and can constrict up to eight enemies at once.


Message History

Aim: a yak (heavily wounded, slow, chance to affect: 47%)
The yak resists with some effort.
Throw: 46 darts (poison)
Press: ? - help, Q - select action, (/) - cycle Shift-Dir - straight line, f/p - yak
Aim: a yak (heavily wounded, slow, 72% to hit)
You throw a poisoned dart.
The poisoned dart closely misses the yak.
Throw: 45 darts (poison)
Press: ? - help, Q - select action, (/) - cycle Shift-Dir - straight line, f/p - yak
Aim: a yak (heavily wounded, slow, 72% to hit)
You throw a poisoned dart. The poisoned dart hits the yak.
The yak is poisoned.
The yak is heavily wounded.
The yak gores you but does no damage.
The yak is no longer moving slowly.
Throw: 44 darts (poison)
Press: ? - help, Q - select action, (/) - cycle Shift-Dir - straight line, f/p - yak
Aim: a yak (heavily wounded, poisoned, 72% to hit)
You throw a poisoned dart. The poisoned dart hits the yak.
The yak is heavily wounded.
The yak looks more healthy.
Throw: 43 darts (poison)
Press: ? - help, Q - select action, (/) - cycle Shift-Dir - straight line, f/p - yak
Aim: a yak (heavily wounded, 72% to hit)
You throw a poisoned dart. The poisoned dart hits the yak.
The yak is poisoned.
The yak is heavily wounded.
The yak closely misses you.
Casting: Slow (safe; 9% risk of failure)
Confirm with . or Enter, or press ? or * to list all spells.
Aiming: Slow (safe; 9% risk of failure)
Press: ? - help, Shift-Dir - straight line, f/p - yak
Aim: a yak (heavily wounded, poisoned, chance to affect: 47%)
The yak resists with some effort.
The yak gores you!
* * * LOW HITPOINT WARNING * * *
Casting: Slow (safe; 9% risk of failure)
Confirm with . or Enter, or press ? or * to list all spells.
Aiming: Slow (safe; 9% risk of failure)
Press: ? - help, Shift-Dir - straight line, f/p - yak
Aim: a yak (heavily wounded, poisoned, chance to affect: 47%)
The yak resists with some effort.
The yak gores you!
You die...

#...........##.# #...........##.#
#...........##[# #...........##.#
#### ####...........##.#######
#... ...............#........#
#... (..............#........#
#... .......#####.###........#
#... .......#####..##@.......#
#... ................Y.......#
#...
........................######.(.
................(.####...........
........).........# #...........
..................# #...........
.......######.....# #...........
.....).# #.....# #......)...#
######## #...(.# #..........#


You could see a yak (poisoned).

Vanquished Creatures
  Pikel (D:4)
  Grinder (D:3)
  An ogre (D:5)
  A lemure (D:4)
  2 water moccasin skeletons
  A centaur zombie (D:5)
  2 jellies
  An iguana (D:4)
  6 adders
  4 worms
  2 dart slugs (D:4)
  An orc (D:4)
  4 ball pythons
  2 bats (D:3)
  7 endoplasms
  2 giant cockroaches (D:4)
  4 goblins
  5 hobgoblins
  3 jackals (D:3)
  8 kobolds
  5 quokkas
  A quokka skeleton (D:4)
  5 rats
69 creatures vanquished.

Vanquished Creatures (collateral kills)
  A rat (D:1)
1 creature vanquished.

Grand Total: 70 creatures vanquished

Notes
Turn   | Place    | Note
-------+----------+-------------------------------------------
     0 | D:1      | baktar the Octopode Brigand began the quest for the Orb.
     0 | D:1      | Reached XP level 1. HP: 14/14 MP: 1/1
   332 | D:1      | Found a faded altar of an unknown god.
   412 | D:1      | Reached XP level 2. HP: 19/19 MP: 2/2
  1205 | D:2      | Reached skill level 1 in Unarmed Combat
  1417 | D:2      | Reached skill level 6 in Stealth
  1417 | D:2      | Reached XP level 3. HP: 24/24 MP: 3/3
  1661 | D:2      | Learned a level 2 spell: Slow
  1749 | D:2      | You fall into a shaft and drop 1 floor!
  1875 | D:3      | Reached XP level 4. HP: 24/29 MP: 3/5
  2101 | D:3      | Reached skill level 1 in Slings
  2325 | D:3      | Noticed Grinder
  2332 | D:3      | Killed Grinder
  2333 | D:3      | Reached skill level 7 in Stealth
  2333 | D:3      | Reached skill level 1 in Spellcasting
  2333 | D:3      | Reached XP level 5. HP: 34/34 MP: 5/7
  2333 | D:3      | Reached XP level 6. HP: 39/39 MP: 5/8
  3058 | D:3      | Learned a level 3 spell: Confusing Touch
  3476 | D:4      | Noticed Pikel
  3520 | D:4      | Killed Pikel
  3521 | D:4      | Reached skill level 1 in Hexes
  3521 | D:4      | Reached XP level 7. HP: 25/45 MP: 7/11
  4048 | D:4      | Learned a level 3 spell: Dazzling Flash
  4165 | D:4      | Reached XP level 8. HP: 27/50 MP: 10/12
  4469 | D:5      | Entered Level 5 of the Dungeon
  5117 | D:5      | Noticed a yak
  5165 | D:4      | HP: 2/51 [yak (14)]
  5166 | D:4      | Slain by a yak

Illustrated notes

Levels and vault maps discovered:
D:1:      kilobyte_arrival_exit_the_forest, layout_loops_ring,
          chequers_ecumenical_altar_simple
D:2:      layout_basic, serial_forest, infiniplex_forest_clump_long,
          infiniplex_forest_corner_1, infiniplex_forest_lined_corner,
          infiniplex_forest_end_1, infiniplex_forest_lined_room_2,
          infiniplex_forest_straight_4, infiniplex_forest_side_room,
          hangedman_decor_points, hangedman_decor_lopped
D:3:      layout_basic, uniq_grinder
D:4:      layout_basic, uniq_pikel
D:5:      minmay_chambers_of_fours, layout_basic, tso_oasis_becter,
          enter_ossuary_5, grunt_ministairs_3, serial_park_tiny_2,
          minmay_manual_monstrance, uniq_duvessa

Skill      XL: |  1  2  3  4  5  6  7  8 |
---------------+-------------------------+-----
Unarmed Combat | 1 2 3 |  3.0
Stealth        | 6 7 |  7.8
Slings         | 1 2 |  2.9
Spellcasting   | 1 3 |  3.5
Throwing       | 3 |  3.7
Dodging        | 2 |  2.9
Hexes          | 1 2 |  2.2
Fighting       | |  2.3
Short Blades   | |  2.9

Action                   |  1- 3 |  4- 6 |  7- 9 || total
-------------------------+-------+-------+-------++-------
Melee: Dagger            |    44 |    63 |    66 ||   173
       Constrict         |     6 |    16 |    10 ||    32
       Tentacles         |     7 |    19 |    12 ||    38
       Punch             |       |     1 |     5 ||     6
Throw: Dart              |    45 |    26 |    20 ||    91
 Cast: Slow              |       |    17 |    13 ||    30
       Confusing Touch   |       |       |     1 ||     1
  Use: Scroll            |     5 |     2 |       ||     7
       Potion            |     4 |     3 |     3 ||    10
 Stab: Sleeping          |     5 |       |     3 ||     8
Armor: Skin              |     1 |     1 |     4 ||     6
Dodge: Dodged            |    14 |    25 |    35 ||    74

Table legend: (Time is in decaauts)
 A = Elapsed time spent in this place.
 B = Non-inter-level travel time spent in this place.
 C = Inter-level travel time spent in this place.
 D = Time resting spent in this place.
 E = Time spent auto-exploring this place.
 F = Levels seen in this place.
 G = Mean time per level.
                   A        B        C        D        E       F      G
               +--------+--------+--------+--------+--------+-----+--------+
         Total |   5137 |   5113 |     24 |    946 |   3251 |   5 | 1027.4 |
       Dungeon |   5137 |   5113 |     24 |    946 |   3251 |   5 | 1027.4 |
               +--------+--------+--------+--------+--------+-----+--------+

Top non-repeatable levels by time:
     D:4: 1424 daAuts
     D:3: 1157 daAuts
     D:2: 949 daAuts
     D:1: 940 daAuts
     D:5: 665 daAuts
